AoeStats
← Accidenta11y

Arabia

504146040Analyzed
1v1 RM · 28d ago on Sep 4, 2026· 30m 14s· 2 players
Game mode
Random Map
Map size
Tiny (2 player)
Population
200
Speed
Normal
Resources
Standard
Victory
Conquest
Starting age
Dark Age
Ending age
Imperial Age
RankedLock teamsTeams togetherTeam positionsShared explorationLock speedFull tech treeHidden civsTurbo modeCheats
Victory
Defeat
🇨🇦 Chinese · Canada
938
+17
🇨🇦 Vietnamese · Canada
949
-17
CivArtagen
0:26 Loom
9:20 Feudal Age
10:03 Double-Bit Axe
10:08 Horse Collar
13:32 Fletching
23:55 Castle Age
22:40 Forging
22:33 Padded Archer Armor
22:47 Bloodlines
23:58 Wheelbarrow
23:59 Crossbowman
24:10 Light Cavalry
25:49 Thumb Ring
26:22 Bodkin Arrow
30:22 Hand Cart
Accidenta11y
10:34 Feudal Age
10:06 Loom
19:25 Castle Age
17:55 Fletching
25:04 Forging
28:03 Scale Barding Armor
28:36 Pikeman
Connection lost

Rejoining the realm…

Still unreachable

The connection could not be restored.

Session expired

The server has moved on; the page needs a fresh start.